 Dungeon Crawl Stone Soup version bcrawl-1.41.1 (webtiles) character file.

Game seed: 4268913355362700760

192866 Galewind the Destroyer (level 7, -6/36 HPs)
             Began as an Avariel Conjurer on Apr 13, 2024.
             Shot with an arrow by a centaur (9 damage)
             ... on level 5 of the Dungeon on Apr 16, 2024.
             The game lasted 00:04:39 (4351 turns).

Galewind the Destroyer (Avariel Conjurer)           Turns: 4351, Time: 00:04:39

Health: -6/36      AC:  4    Str:  6    XL:     7   Next: 56%
Magic:  4/19       EV: 11    Int: 23    God:
Gold:   174        SH:  0    Dex: 13    Spells: 14/20 levels left

rFire    . . .     GDR:     25% n - +0 dagger (speed)
rCold    . . .     SeeInvis +   (no shield)
rNeg     + . .     Gourm    .   s - +0 leather armour
rPois    .         Faith    .   (no helmet)
rElec    .         Spirit   .   (no cloak)
rCorr    .         Reflect  .   g - +0 pair of gloves
MR       .....                  (no boots)
Stlth    ++........             (no amulet)
HPRegen  0.16/turn              x - ring of positive energy
MPRegen  0.16/turn              v - ring of see invisible

@: no status effects
A: no striking features
a: no special abilities


You were on level 5 of the Dungeon.
You were hungry.

You visited 1 branch of the dungeon, and saw 5 of its levels.

You collected 174 gold pieces.

Inventory:

Hand Weapons
 n - a +0 dagger of speed (weapon)
Armour
 g - a +0 pair of gloves (worn)
 s - a +0 leather armour (worn)
Jewellery
 m - an uncursed ring of fire
 v - a ring of see invisible (right hand)
 x - a ring of positive energy (left hand)
 z - the ring "Isidiur" {Ice Stlth+, unknown}
   (You found it on level 4 of the Dungeon)

   [ring of ice]

   It enhances your ice magic.
   It makes you vulnerable to fire.
   It protects you from cold.
   It makes you more stealthy.
Scrolls
 b - a scroll of enchant weapon
 d - a scroll of amnesia {unknown}
 f - a scroll of teleportation
 i - 2 scrolls of identify
 j - a scroll of revelation {unknown}
 o - 5 scrolls of remove curse
 u - 2 scrolls of fog {unknown}
 w - a scroll of enchant armour {unknown}
 y - a scroll of blinking {unknown}
Potions
 a - 2 potions of might {unknown}
 h - a potion of haste {unknown}
 k - 2 potions of curing
 l - a potion of cancellation {unknown}
 p - 2 potions of lignification {unknown}
 q - a potion of flight {unknown}
 r - a potion of heal wounds {unknown}
 t - 2 potions of berserk rage {unknown}
 A - 3 potions of degeneration {unknown}
Comestibles
 e - 10 rations {!d}


   Skills:
 - Level 2.2 Dodging
 - Level 2.2 Stealth
 + Level 7.1 Spellcasting
 + Level 9.3 Conjurations


You had 14 spell levels left.
You knew the following spells:

 Your Spells              Type           Power        Failure   Level  Hunger
a - Magic Dart            Conj           ####         1%          1    None
b - Searing Ray           Conj           ######..     1%          2    None
c - Iskenderun's Mystic   Conj           ######..     1%          3    None

Your spell library contained the following spells:

 Spells                   Type           Power        Failure   Level  Hunger
 Fulminant Prism          Conj/Hex       ####......   17%         4    ####...
 Irradiate                Conj/Tmut      ####......   43%         5    #####..


Dungeon Overview and Level Annotations

Branches:
Dungeon (5/12)
 Temple: D:4-7

Altars:
Ashenzari
Gozag
Kikubaaqudgha
Lugonu
Trog

Shops:
D:4 :


Message History

Press: ? - help, Shift-Dir - straight line, f - bullfrog zombie
Aim: a bullfrog zombie The orb of energy hits the bullfrog zombie!
The bullfrog zombie is heavily damaged.
The bullfrog zombie barely misses you.
The centaur shoots an arrow.
The arrow hits you.
You hear a grinding noise.
The centaur shoots an arrow.
The arrow hits you!
* * * LOW HITPOINT WARNING * * *
Casting: Iskenderun's Mystic Blast (safe; 1% risk of failure)
Confirm with . or Enter, or press ? or * to list all spells.
Aiming: Iskenderun's Mystic Blast (safe; 1% risk of failure)
Press: ? - help, Shift-Dir - straight line, f/p - bullfrog zombie
Aim: a bullfrog zombie (heavily damaged)
The orb of energy misses the bullfrog zombie.
The bullfrog zombie hits you!
* * * LOW HITPOINT WARNING * * *
A worker ant comes into view.
The centaur shoots an arrow.
The arrow hits you!
You die...

......#.#...#
.....#..ca..
...........
..........#
.......a..
.........
#......#
#.....†#
#.....@#
.......Z#
.......[.
.##.....##
.......#
.....##.#
##### #.# ...


You could see a centaur, 2 worker ants and a bullfrog zombie.

Vanquished Creatures
  A hippogriff (D:4)
  An ogre (D:4)
  An orc priest (D:4)
  A hound (D:4)
  2 orc wizards
  Ijyb (D:5)
  2 worker ants (D:5)
  5 adders (D:3)
  3 gnolls (D:4)
  2 oozes (D:3)
  2 adder skeletons (D:4)
  8 worms
  2 dart slugs (D:2)
  4 leopard geckos
  16 orcs
  8 bats
  2 giant cockroaches (D:2)
  12 hobgoblins
  2 jackals (D:1)
  2 quokkas
  3 ball pythons
  6 frilled lizards
  8 goblins
  2 jackal skeletons
  16 kobolds
  A quokka skeleton (D:3)
  5 rats
118 creatures vanquished.

Notes
Turn   | Place    | Note
-------+----------+-------------------------------------------
     0 | D:1      | Galewind the Avariel Conjurer began the quest for the Orb.
     0 | D:1      | Reached XP level 1. HP: 10/10 MP: 6/6
   150 | D:1      | Reached XP level 2. HP: 15/15 MP: 4/7
   158 | D:1      | Learned a level 2 spell: Searing Ray
   281 | D:1      | Reached skill level 6 in Conjurations
   645 | D:1      | Reached XP level 3. HP: 14/19 MP: 5/9
   708 | D:1      | Learned a level 3 spell: Iskenderun's Mystic Blast
  1753 | D:2      | Reached XP level 4. HP: 24/24 MP: 7/11
  2110 | D:2      | Reached skill level 7 in Conjurations
  2416 | D:3      | Reached XP level 5. HP: 25/28 MP: 0/13
  2546 | D:3      | Found a bloodstained altar of Trog.
  2853 | D:3      | Found a corrupted altar of Lugonu.
  3003 | D:3      | Found a shattered altar of Ashenzari.
  3186 | D:4      | Reached skill level 5 in Spellcasting
  3186 | D:4      | Reached XP level 6. HP: 32/32 MP: 10/15
  3213 | D:4      | Found Innaseky's Book Shop.
  3281 | D:4      | Reached skill level 8 in Conjurations
  3386 | D:4      | Found an ancient bone altar of Kikubaaqudgha.
  4030 | D:4      | Got a flickering platinum ring
  4219 | D:4      | Found an opulent altar of Gozag.
  4261 | D:5      | Entered Level 5 of the Dungeon
  4261 | D:5      | Noticed Ijyb
  4264 | D:5      | Killed Ijyb
  4265 | D:5      | Reached XP level 7. HP: 36/36 MP: 8/18
  4266 | D:5      | Noticed a hippogriff
  4276 | D:4      | Killed a hippogriff
  4277 | D:4      | Reached skill level 9 in Conjurations
  4351 | D:5      | Shot with an arrow by a centaur

Skill      XL: |  1  2  3  4  5  6  7 |
---------------+----------------------+-----
Conjurations   | 6 7 8 9 |  9.3
Spellcasting   | 3 4 5 6 7 |  7.1
Dodging        | |  2.2
Stealth        | |  2.2

Action                   |  1- 3 |  4- 6 |  7- 9 || total
-------------------------+-------+-------+-------++-------
Melee: Short sword       |     4 |     3 |       ||     7
 Cast: Magic Dart        |    68 |   109 |       ||   177
       Searing Ray       |     1 |     6 |       ||     7
       Iskenderun's Myst |       |    18 |    10 ||    28
  Use: Scroll            |     2 |     3 |       ||     5
       Potion            |       |       |     1 ||     1
  Eat: Chunk             |     3 |    11 |       ||    14
Armor: Robe              |     3 |     8 |       ||    11
       Leather armour    |       |     1 |     4 ||     5
Dodge: Dodged            |    14 |    30 |    11 ||    55
